 Dungeon Crawl Stone Soup version 0.17.0-23-g0de4337 (webtiles) character file.

11232 JudasIscariot the Blocker (level 11, 0/97 HPs)
             Began as a Minotaur Fighter on Nov 14, 2015.
             Was an Elder of Okawaru.
             Slain by a polar bear (1 damage)
             ... in an ice cave.
             The game lasted 00:34:43 (9115 turns).

JudasIscariot the Blocker (Minotaur Fighter)        Turns: 9115, Time: 00:34:45

Health: 0/97       AC: 28    Str: 25    XL:     11   Next: 46%
Magic:  10/10      EV: 11    Int:  5    God:    Okawaru [****..]
Gold:   522        SH: 13    Dex:  9    Spells: 0 memorised, 10 levels left

rFire  . . .     SeeInvis .     I - +1 hand axe (freeze)
rCold  . . .     Rnd*Rage +     o - +0 plate armour
rNeg   . . .     SustAt   .     q - +0 shield
rPois  .         Gourm    .     (helmet restricted)
rElec  .         Spirit   .     n - +0 cloak
rCorr  .         Warding  .     h - +2 pair of gloves
rMut   .         Stasis   .     w - +0 pair of boots
MR     .....                    (no amulet)
Stlth  ..........               O - +5 ring of protection
                                G - +3 ring of evasion

@: exhausted, slowed, very slow, not resistant to hostile enchantments,
extremely unstealthy
A: retaliatory headbutt, horns 2, thin metallic scales 1, berserk 1, subdued
magic 1
a: Heroism, Renounce Religion


You were in an ice cave.
You worshipped Okawaru.
Okawaru was greatly pleased with you.
You were not hungry.

You visited 2 branches of the dungeon, and saw 12 of its levels.
You also visited: Ossuary and Ice Cave.

You collected 522 gold pieces.

Inventory:

Hand Weapons
 a - a +0 war axe
 l - a +1 trident of piercing
 A - the +3 spear of the Vase {venom, Int+2}
   (You took it off a gnoll on level 4 of the Dungeon)

   It poisons the flesh of those it strikes.
   It affects your intelligence (+2).
 I - a +1 hand axe of freezing (weapon)
 Z - a cursed -2 blowgun
Missiles
 S - 7 curare-tipped needles
Armour
 b - a +0 scale mail
 c - a +0 shield
 h - a +2 pair of gloves (worn)
 m - a +0 hat
 n - a +0 cloak (worn)
 o - a +0 plate armour (worn)
 q - a +0 shield (worn)
 w - a +0 pair of boots (worn)
Jewellery
 G - a +3 ring of evasion (left hand)
 O - a +5 ring of protection (right hand)
 Q - an uncursed amulet of stasis
Wands
 j - a wand of draining (9)
 z - a wand of hasting (4)
 F - a wand of cold (3)
 T - a wand of slowing (25)
 U - a wand of teleportation (0)
 X - a wand of digging (7)
Scrolls
 f - 2 scrolls of recharging
 v - 3 scrolls of remove curse {unknown}
 y - a scroll of magic mapping {unknown}
 D - 2 scrolls of teleportation {unknown}
 L - 3 scrolls of enchant weapon {unknown}
 N - a scroll of fog {unknown}
 W - 2 scrolls of enchant armour
 Y - 2 scrolls of blinking
Potions
 d - 4 potions of might
 s - 2 potions of flight {unknown}
 x - 3 potions of lignification
 B - a potion of ambrosia
 H - 2 potions of resistance
 J - 3 potions of haste
 K - 2 potions of agility
 M - a potion of berserk rage
 P - 3 potions of heal wounds
 V - 2 potions of beneficial mutation {unknown}
Comestibles
 e - 10 bread rations
 g - 6 meat rations
 i - 3 slices of pizza
 k - 8 beef jerkies
 r - 3 chunks of flesh
 E - 8 fruits
 R - 9 royal jellies


   Skills:
 * Level 9.4 Fighting
 * Level 10.3(10.5) Axes
 + Level 2.6(7.1) Polearms
 * Level 11.0 Armour
 + Level 3.5 Dodging
 - Level 0.5 Stealth
 * Level 13.0 Shields
 * Level 0.5 Evocations


You had 10 spell levels left.
You didn't know any spells.

Dungeon Overview and Level Annotations

Branches:
Dungeon (11/15)            Temple (1/1) D:7
   Lair: D:8-11         Orc: D:9-12

Altars:
Ashenzari
Cheibriados
Dithmenos
Elyvilon
Fedhas
Gozag
Kikubaaqudgha
Makhleb
Nemelex Xobeh
Okawaru
Qazlal
Ru
Sif Muna
Trog
Vehumet
Xom
Yredelemnul
Zin
The Shining One

Annotations:
IceCv exclusion: ice statue


Innate Abilities, Weirdness & Mutations

You reflexively headbutt those who attack you in melee.
You have a pair of horns on your head.
You are partially covered in thin metallic scales (AC +2).
You tend to lose your temper in combat.
Your spells are a little easier to cast, but a little less powerful.


Message History

You hit the polar bear but do no damage.
The polar bear is heavily wounded.
The polar bear bites you!
* * * LOW HITPOINT WARNING * * *
You block the polar bear's attack. The polar bear closely misses you.
You hit the polar bear.
The polar bear is heavily wounded.
The polar bear completely misses you. You furiously retaliate!
You headbutt the polar bear.
The polar bear claws you but does no damage. x2
You hit the polar bear. You freeze the polar bear.
The polar bear is severely wounded.
The polar bear goes berserk!
You hit the polar bear but do no damage.
Your headbutt misses the polar bear.
The polar bear is severely wounded.
The polar bear bites you!!
* * * LOW HITPOINT WARNING * * *
The polar bear claws you.
You die...

### #..##
#.h†##
#@÷## ##..#
#### #..#
##..## #..#
#....##
##..
##.....##
.##
#.......##
..
##.Y......#
#.
#...Y....##
..
#.....#...#


You could see a polar bear (berserk).

Vanquished Creatures
  Sonja (D:10)
  The ghost of Gravenous the Chiller, a novice OpIE of Fedhas (D:7)
  Pikel (D:5)
  Joseph (D:7)
  2 trolls (D:9)
  9 polar bears (IceCv)
  A queen bee (D:9)
  Prince Ribbit (D:8)
  12 yaks
  A hungry ghost (D:7)
  3 wolves (IceCv)
  A sky beast (D:10)
  An ice beast (D:7)
  A necrophage (D:9)
  7 ogres
  2 centaurs (D:8)
  A big kobold (D:8)
  A wyvern zombie (D:9)
  5 giant frogs
  17 killer bees
  3 wights (D:6)
  7 bog bodies (Ossuary)
  2 crimson imps
  3 hounds
  4 orc priests
  2 centaur zombies
  4 jellies
  3 giant frog zombies (Ossuary)
  4 iguanas
  2 giant frog skeletons
  8 orc wizards
  10 worker ants
  5 hound zombies (Ossuary)
  8 mummies (Ossuary)
  3 worker ant zombies (Ossuary)
  3 gnolls (D:4)
  11 adders
  4 shadow imps
  12 white imps (D:11)
  An ooze (D:2)
  An adder skeleton (D:4)
  3 worms
  5 giant geckos
  23 orcs
  4 giant cockroaches
  9 hobgoblins
  17 jackals
  11 kobolds
  5 quokkas
  2 ball pythons
  5 bats
  A giant cockroach zombie (Ossuary)
  A giant gecko skeleton (D:5)
  4 giant newts
  9 goblins
  A jackal zombie (Ossuary)
  A quokka skeleton (D:4)
  A quokka zombie (Ossuary)
  21 rats
292 creatures vanquished.

Vanquished Creatures (others)
  A plant (Ossuary)
1 creature vanquished.

Grand Total: 293 creatures vanquished

Notes
Turn   | Place    | Note
--------------------------------------------------------------
     0 | D:1      | JudasIscariot the Minotaur Fighter began the quest for the Orb.
     0 | D:1      | Reached XP level 1. HP: 19/19 MP: 0/0
   208 | D:1      | Reached XP level 2. HP: 27/27 MP: 1/1
   242 | D:1      | Reached skill level 4 in Shields
   608 | D:2      | Reached XP level 3. HP: 29/33 MP: 2/2
   614 | D:2      | Found a stormy altar of Qazlal.
  1154 | D:2      | Noticed a moth of wrath
  1157 | D:2      | Found a bloodstained altar of Trog.
  1509 | D:2      | Reached skill level 1 in Dodging
  1813 | D:3      | Found a basalt altar of Yredelemnul.
  1893 | D:3      | Reached XP level 4. HP: 34/41 MP: 3/3
  2115 | D:3      | Reached skill level 5 in Fighting
  2123 | D:3      | Reached XP level 5. HP: 38/48 MP: 4/4
  2142 | D:3      | Found a shadowy altar of Dithmenos.
  2393 | D:3      | Reached skill level 5 in Shields
  2593 | D:4      | Noticed an ogre
  2600 | D:4      | Killed an ogre
  2600 | D:4      | Reached XP level 6. HP: 53/56 MP: 5/5
  2737 | D:4      | Reached skill level 5 in Armour
  2763 | D:4      | Got an ebony spear {venom}
  2769 | D:4      | Identified the +3 spear of the Vase {venom, Int+2} (You took it off a gnoll on level 4 of the Dungeon)
  2815 | D:4      | Reached skill level 1 in Polearms
  2820 | D:4      | Found a blossoming altar of Fedhas.
  3006 | D:4      | Reached XP level 7. HP: 59/61 MP: 6/6
  3312 | D:5      | Entered Level 5 of the Dungeon
  3391 | D:5      | Found a white marble altar of Elyvilon.
  3430 | D:5      | Reached skill level 6 in Shields
  3456 | D:5      | Noticed Pikel
  3482 | D:5      | Killed Pikel
  3482 | D:5      | Reached skill level 5 in Axes
  3482 | D:5      | Reached XP level 8. HP: 26/70 MP: 7/7
  4233 | D:6      | Reached skill level 7 in Armour
  4259 | D:6      | Found a deep blue altar of Sif Muna.
  4377 | D:6      | Found a sparkling altar of Nemelex Xobeh.
  4653 | D:7      | Noticed Joseph
  4678 | D:7      | Killed Joseph
  4678 | D:7      | Reached skill level 8 in Armour
  4787 | D:7      | Found a sand-covered staircase.
  4792 | Ossuary  | Entered an ossuary
  5011 | Ossuary  | Reached XP level 9. HP: 78/78 MP: 8/8
  5321 | D:7      | Noticed Gravenous's ghost (novice OpIE)
  5340 | D:7      | Killed Gravenous's ghost
  5340 | D:7      | Reached skill level 9 in Armour
  5573 | D:7      | Found a staircase to the Ecumenical Temple.
  5590 | Temple   | Entered the Ecumenical Temple
  5810 | D:7      | Found a glowing silver altar of Zin.
  6159 | D:8      | Noticed Prince Ribbit
  6318 | D:8      | Killed Prince Ribbit
  6318 | D:8      | Reached skill level 10 in Shields
  6354 | D:8      | Found an iron altar of Okawaru.
  6357 | D:8      | Became a worshipper of Warmaster Okawaru
  6396 | D:8      | Found a sacrificial altar of Ru.
  6414 | D:8      | Reached XP level 10. HP: 63/86 MP: 9/9
  6514 | D:8      | Found a glowing golden altar of the Shining One.
  6741 | D:9      | Reached * piety under Okawaru
  6766 | D:9      | Reached skill level 11 in Shields
  7149 | D:9      | Reached skill level 10 in Armour
  7241 | D:9      | Reached ** piety under Okawaru
  7303 | D:9      | Found an opulent altar of Gozag.
  7470 | D:9      | Found a bloodstained altar of Trog.
  7620 | D:10     | Entered Level 10 of the Dungeon
  7707 | D:10     | Gained mutation: You are partially covered in thin metallic scales (AC +2). [mutagenic meat]
  7708 | D:10     | Gained mutation: Your spells are a little easier to cast, but a little less powerful. [mutagenic meat]
  7709 | D:10     | Gained mutation: You tend to lose your temper in combat. [mutagenic meat]
  7793 | D:10     | Reached *** piety under Okawaru
  7867 | D:10     | Noticed Sonja
  7956 | D:10     | Reached skill level 12 in Shields
  8078 | D:10     | Killed Sonja
  8255 | D:10     | Reached XP level 11. HP: 95/95 MP: 10/10
  8375 | D:11     | Found a frozen archway.
  8434 | IceCv    | Entered an ice cave
  8475 | IceCv    | Reached **** piety under Okawaru
  8489 | IceCv    | Reached skill level 10 in Axes
  8986 | IceCv    | Noticed a frost giant
  9112 | IceCv    | Reached skill level 13 in Shields
  9115 | IceCv    | HP: 1/97 [polar bear (19)]
  9115 | IceCv    | Slain by a polar bear

Action                   |  1- 3 |  4- 6 |  7- 9 | 10-12 || total
-------------------------+-------+-------+-------+-------++-------
Melee: War axe           |    79 |    97 |       |       ||   176
       Trident           |    22 |       |       |       ||    22
       Spear             |       |    34 |   103 |       ||   137
       Hand axe          |       |       |   329 |   494 ||   823
Evoke: Wand              |       |       |       |     4 ||     4
  Use: Scroll            |     2 |       |       |    14 ||    16
       Potion            |       |       |     1 |     4 ||     5
 Stab: Distracted        |       |       |     1 |       ||     1
  Eat: Chunk             |     3 |     4 |     8 |    11 ||    26
       Bread ration      |       |       |     2 |       ||     2
